 Dungeon Crawl Stone Soup version 0.25.1-2-g60ff931df9 (webtiles) character file.

Game seed: 12156301801687444202

36 DungeonDestroyer the Sneak (level 3, -5/24 HPs)
             Began as a Halfling Assassin on Nov 16, 2020.
             Slain by a worm (9 damage)
             ... on level 2 of the Dungeon.
             The game lasted 00:02:57 (1608 turns).

DungeonDestroyer the Sneak (Halfling Assassin)      Turns: 1608, Time: 00:02:57

Health: -5/24      AC:  3    Str: 12    XL:     3   Next: 57%
Magic:  3/3        EV: 10    Int:  9    God:
Gold:   49         SH:  0    Dex: 16    Spells: 2/2 levels left

rFire    . . .     SeeInvis +   a - +2 dagger
rCold    . . .     Gourm    .   (shield restricted)
rNeg     . . .     Faith    .   b - +0 robe
rPois    .         Spirit   .   (no helmet)
rElec    .         Reflect  .   c - +0 cloak
rCorr    .         Harm     .   (no gloves)
MR       .....                  (no boots)
Stlth    +++.......             (no amulet)
HPRegen  0.08/turn              k - ring of see invisible
MPRegen  0.08/turn              h - -4 ring of evasion (curse)

@: no status effects
A: small, mutation resistance 1
a: no special abilities


You were on level 2 of the Dungeon.
You were not hungry.

You visited 1 branch of the dungeon, and saw 2 of its levels.

You collected 49 gold pieces.

Inventory:

Hand Weapons
 a - a +2 dagger (weapon)
Missiles
 d - 21 poisoned darts (quivered)
 e - 2 curare-tipped darts
Armour
 b - a +0 robe (worn)
 c - a +0 cloak (worn)
Jewellery
 h - a cursed -4 ring of evasion (right hand)
 k - a ring of see invisible (left hand)
Scrolls
 j - a scroll of fear {unknown}
 l - 3 scrolls of enchant armour {unknown}
 n - a scroll of enchant weapon {unknown}
Potions
 i - a potion of resistance
 m - a potion of lignification
Comestibles
 f - 6 rations
 g - a chunk of flesh


   Skills:
 + Level 1.7 Fighting
 * Level 2.7 Short Blades
 + Level 2.0 Throwing
 + Level 1.1 Dodging
 * Level 5.6 Stealth


You had 2 spell levels left.
You didn't know any spells.
Your spell library was empty.

Dungeon Overview and Level Annotations

Branches:
Dungeon (2/15)

Altars:
Elyvilon
Gozag
Trog


Innate Abilities, Weirdness & Mutations

You are small and have problems with some larger weapons.
You are somewhat resistant to further mutation.


Message History

You are too injured to fight recklessly!
You are too injured to fight recklessly!
You are too injured to fight recklessly!
You are too injured to fight recklessly!
You are too injured to fight recklessly!
You are too injured to fight recklessly!
You are too injured to fight recklessly!
Unknown command.
You hit the worm but do no damage.
The worm is moderately wounded.
You barely miss the worm.
The worm is moderately wounded.
The worm bites you!
* * * LOW HITPOINT WARNING * * *
You hit the worm.
The worm is moderately wounded.
You hit the worm.
The worm is moderately wounded.
The worm bites you!
You die...

###..#..# #....#### ##.......#
##......#### ##...####.#
##..##....# ##..).# #.########
#....# #.. #...###
#.#..........##.### #
##...######.##...####..##...###
#..#.........#≈≈≈≈≈≈#..####....
###..#.........#...####..# #####
.....#..........@w.......# #
.....######.#.#..........########
.....# #.#.#.................[
###### #.#!................#..
#..##...........###.#.. ##.
#...........#⌠#.#..
#.######.###...###....
#..................#..
...........#.#...##..


You could see a worm.

Vanquished Creatures
  2 dart slugs
  2 ball pythons (D:1)
  3 giant cockroaches
  3 goblins (D:1)
  5 hobgoblins
  2 jackals (D:1)
  A quokka (D:2)
  A bat (D:1)
  A frilled lizard (D:1)
  6 kobolds (D:1)
  3 rats (D:1)
29 creatures vanquished.

Notes
Turn   | Place    | Note
-------+----------+-------------------------------------------
     0 | D:1      | DungeonDestroyer the Halfling Assassin began the quest for
                  | the Orb.
     0 | D:1      | Reached XP level 1. HP: 14/14 MP: 1/1
   173 | D:1      | Reached XP level 2. HP: 19/19 MP: 2/2
   178 | D:1      | Reached skill level 5 in Stealth
   596 | D:1      | Reached XP level 3. HP: 24/24 MP: 3/3
  1475 | D:2      | Found a bloodstained altar of Trog.
  1478 | D:2      | Found an opulent altar of Gozag.
  1484 | D:2      | Found a white marble altar of Elyvilon.
  1608 | D:2      | Slain by a worm

Illustrated notes

Levels and vault maps discovered:
D:1:      saegor_arrival_simple_d, layout_loops_ring
D:2:      layout_rooms, minmay_overflow_temple_star_quad, serial_bayou_pond_b,
          chequers_serial_rivers_micro_b, feat_on_display

Skill      XL: |  1  2 |
---------------+-------+-----
Stealth        | 5 |  5.6
Fighting       | |  1.7
Short Blades   | |  2.7
Throwing       | |  2.0
Dodging        | |  1.1

Action                   || total
-------------------------++-------
Melee: Dagger            ||    85
  Use: Potion            ||     3
       Scroll            ||     2
 Stab: Sleeping          ||     6
       Distracted        ||     1
  Eat: Ration            ||     1
Armor: Robe              ||    11
Dodge: Dodged            ||    52
